 Dungeon Crawl Stone Soup version 0.31-a0-369-g8eba5f6939 (webtiles) character file.

Game seed: 367200557204204199

69 Diovan321 the Conjurer (level 4, -8/27 (28) HPs)
             Began as a Gargoyle Reaver on July 28, 2023.
             Was a Follower of Uskayaw.
             Mangled by an iguana (11 damage)
             ... on level 4 of the Dungeon.
             The game lasted 00:25:11 (4097 turns).

Diovan321 the Conjurer (Gargoyle Reaver)            Turns: 4097, Time: 00:25:11

HP:   -8/27 (28)    AC:  7    Str: 17    XL:     4   Next: 20%
MP:   7/7           EV:  9    Int: 14    God:    Uskayaw [*.....]
Gold: 175           SH: 13    Dex:  8    Spells: 6/7 levels left

rFire   . . .        b - +0 falchion
rCold   . . .        y - +2 kite shield
rNeg    + . .        o - +0 leather armour
rPois   ∞            (no helmet)
rElec   +            (no cloak)
rCorr   .            t - +0 pair of gloves
SInv    .            (no boots)
Will    .....        n - amulet of reflection
Stlth   +            (no ring)
HPRegen 0.24/turn    (no ring)
MPRegen 0.10/turn

%: reflection
@: lightly drained
A: sickness immunity, AC +3, negative energy resistance 1, electricity
resistance, torment resistance 1, petrification resistance
a: Renounce Religion, Stomp


You were on level 4 of the Dungeon.
You worshipped Uskayaw.
Uskayaw was noncommittal.
You visited 1 branch of the dungeon, and saw 4 of its levels.

You collected 175 gold pieces.

Inventory:

Hand Weapons
 b - a +0 falchion (weapon)
 d - a +0 short sword
 e - a +0 short sword
 f - a +0 club
 h - a +0 dagger
 k - a +0 club
 l - a +0 dagger
 q - a +0 dagger
 s - a +0 rapier
 u - a +0 club
 v - a +0 morningstar
 z - a +0 club
 A - a +0 whip
 B - a +0 whip
 C - a +0 short sword
 F - a +0 club
 K - a +0 spear
 M - a +0 whip
 O - a +0 short sword
 T - a +0 sling
Missiles
 c - 11 poisoned darts
 g - 26 stones
 P - 4 boomerangs
 S - 4 javelins
Armour
 a - a +0 leather armour
 o - a +0 leather armour (worn)
 t - a +0 pair of gloves (worn)
 x - a +0 leather armour
 y - a +2 kite shield (worn)
 E - a +0 robe
 H - a +0 ring mail
 U - a +0 leather armour
Magical Staves
 N - a staff of earth
Jewellery
 n - an amulet of reflection (around neck)
 w - an amulet of reflection
Scrolls
 m - a scroll of revelation {unknown}
 p - 2 scrolls of poison {unknown}
 r - a scroll of identify {unknown}
 D - a scroll of noise {unknown}
 G - a scroll of fog {unknown}
 I - a scroll of enchant weapon {unknown}
 Q - a scroll of blinking {unknown}
Potions
 i - 2 potions of degeneration {unknown}
 j - 3 potions of attraction {unknown}
 J - a potion of heal wounds {unknown}
 L - a potion of lignification {unknown}
 R - a potion of enlightenment {unknown}
 V - 2 potions of curing {unknown}


   Skills:
 + Level 3.0 Fighting
 + Level 3.1 Long Blades
 + Level 0.9 Armour
 + Level 2.1 Dodging
 + Level 0.3 Stealth
 + Level 0.4 Shields
 + Level 2.1 Spellcasting
 + Level 3.5 Conjurations


You had 6 spell levels left.
You knew the following spells:

 Your Spells              Type           Power      Damage    Failure   Level
a - Kiss of Death         Conj/Necr      24%        2d7       41%         1

Your spell library contained the following spells:

 Spells                   Type           Power      Damage    Failure   Level
 Momentum Strike          Conj/Tloc      12%        3d8       54%         2
 Hailstorm                Conj/Ice       6%         3d4       78%         3


Dungeon Overview and Level Annotations

Branches:
Dungeon (4/15)
 Temple: D:4-7

Altars:
Uskayaw
The Shining One


Innate Abilities, Weirdness & Mutations

You are immune to sickness and miasma.
Your stone body is resilient. (AC +3)
You are immune to poison.
You resist negative energy. (rN+)
You are resistant to electric shocks. (rElec)
You are resistant to unholy torment.
You are immune to petrification.


Message History

You block the iguana's attack.
Things that are here:
a +0 club; a +0 sling; a goblin corpse You block the iguana's attack.
The iguana barely misses you.
Things that are here:
a +0 club; a +0 sling; a goblin corpse You hit the iguana but do no damage.
The iguana is lightly wounded.
The iguana completely misses you.
You hit the iguana but do no damage.
The iguana is lightly wounded.
You block the iguana's attack.
You hit the iguana but do no damage.
The iguana is lightly wounded.
The iguana bites you! You block the iguana's attack.
You hit the iguana but do no damage.
The iguana is lightly wounded.
The iguana closely misses you.
You hit the iguana.
The iguana is moderately wounded.
You block the iguana's attack.
You barely miss the iguana.
The iguana is moderately wounded.
The iguana closely misses you. You block the iguana's attack.
You closely miss the iguana.
The iguana is moderately wounded.
You block the iguana's attack.
You barely miss the iguana.
The iguana is moderately wounded.
The iguana bites you.
You barely miss the iguana.
The iguana is moderately wounded.
The iguana bites you!
* * * LOW HITPOINT WARNING * * *
You block the iguana's attack.
You hit the iguana.
The iguana is severely wounded.
The iguana bites you!
You die...

#### .)...# .....
#....#
......##..?.#
............+
...... #...#
......##...######
................#
.........†......#
...?..#@l.......+
#+### #.#..<....#
......._...........
.....<#.#..###....#
......#..#+# ....#
..... ##. ...#
..... #.. .# ....
... # .... ....


You could see an iguana.

Vanquished Creatures
  An adder (D:2)
  A worm (D:3)
  A dart slug (D:2)
  4 ball pythons
  5 bats
  4 endoplasms
  2 giant cockroaches (D:1)
  5 goblins
  5 hobgoblins
  4 quokkas
  9 frilled lizards
  9 kobolds
  A rat (D:1)
51 creatures vanquished.

Vanquished Creatures (others)
  A kobold (D:3)
1 creature vanquished.

Grand Total: 52 creatures vanquished

Notes
Turn   | Place    | Note
-------+----------+-------------------------------------------
     0 | D:1      | Diovan321 the Gargoyle Reaver began the quest for the Orb.
     0 | D:1      | Reached XP level 1. HP: 12/12 MP: 3/3
   322 | D:1      | Reached XP level 2. HP: 5/18 MP: 5/5
  1587 | D:1      | Reached XP level 3. HP: 22/22 MP: 6/6
  2321 | D:2      | Found a hide-covered altar of Uskayaw.
  2349 | D:2      | Became a worshipper of Uskayaw the Reveller
  2489 | D:2      | Reached * piety under Uskayaw
  3530 | D:3      | Reached XP level 4. HP: 25/25 MP: 7/7
  4003 | D:3      | Reached ** piety under Uskayaw
  4067 | D:4      | Found a glowing golden altar of the Shining One.
  4097 | D:4      | Mangled by an iguana

Illustrated notes

Levels and vault maps discovered:
D:1:      minmay_arrival_doors, layout_basic
D:2:      minmay_general_purpose_star, layout_rooms, basic_altar,
          minmay_joined_circles
D:3:      layout_loops_cross
D:4:      layout_gridville, lemuel_crystal_altar, serial_shops,
          nicolae_take_the_stairs, mrwooster_statue_mirror, hex_medium,
          nicolae_specific_store

Skill      XL: |  1  2  3 |
---------------+----------+-----
Long Blades    | 3 |  3.1
Fighting       | 3 |  3.0
Dodging        | 2 |  2.1
Armour         | |  0.9
Stealth        | |  0.3
Shields        | |  0.4
Spellcasting   | |  2.1
Conjurations   | |  3.5

Action                     |  1- 3 |  4- 6 || total
---------------------------+-------+-------++-------
  Melee: Falchion          |   157 |    43 ||   200
         Short sword       |     7 |       ||     7
         Punch             |     1 |       ||     1
   Cast: Kiss of Death     |     1 |       ||     1
    Use: Scroll            |     1 |       ||     1
 Armour: Leather armour    |    99 |     6 ||   105
         Skin              |     2 |       ||     2
  Dodge: Dodged            |   125 |    19 ||   144
  Block: Kite shield       |    42 |    35 ||    77
         Reflection        |     1 |     2 ||     3
         Other             |     1 |       ||     1

Table legend: (Time is in decaauts)
 A = Elapsed time spent in this place.
 B = Non-inter-level travel time spent in this place.
 C = Inter-level travel time spent in this place.
 D = Time resting spent in this place.
 E = Time spent auto-exploring this place.
 F = Levels seen in this place.
 G = Mean time per level.
                   A        B        C        D        E       F      G
               +--------+--------+--------+--------+--------+-----+--------+
         Total |   4141 |   4075 |     66 |      0 |      0 |   4 | 1035.2 |
       Dungeon |   4141 |   4075 |     66 |      0 |      0 |   4 | 1035.2 |
               +--------+--------+--------+--------+--------+-----+--------+

Top non-repeatable levels by time:
     D:1: 1998 daAuts
     D:2: 1118 daAuts
     D:3: 990 daAuts
     D:4: 34 daAuts
